 Dungeon Crawl Stone Soup version 0.28-a0-29-g0adfcbbeba (webtiles) character file.

Game seed: 13055938589290401770

26579 PentaManta the Grappler (level 12, -10/130 HPs)
             Began as a Troll Abyssal Knight on July 27, 2021.
             Was an Elder of Lugonu.
             Mangled by a skeletal warrior (18 damage)
             ... led by a death knight
             ... on level 11 of the Dungeon.
             The game lasted 00:27:57 (11206 turns).

PentaManta the Grappler (Troll Abyssal Knight)     Turns: 11206, Time: 00:27:58

Health: -10/130    AC: 11    Str: 23    XL:     12   Next: 99%
Magic:  17/17      EV:  8    Int: 12    God:    Lugonu [****..]
Gold:   742        SH: 15    Dex:  9    Spells: 11/11 levels left

rFire   + . .      SeeInvis .     - Unarmed
rCold   + . .      Faith    .   h - +0 kite shield
rNeg    . . .      Spirit   .   v - quicksilver dragon scales
rPois   .          Reflect  +   (helmet restricted)
rElec   .          Harm     .   M - scarf {rC+ rF+}
rCorr   .          Rampage  .   (gloves unavailable)
Will    +....                   (boots unavailable)
Stlth   ..........              c - amulet of reflection
HPRegen 1.31/turn               y - ring of willpower
MPRegen 0.15/turn               o - ring of flight

@: weak-willed, flying, studying 2 skills
A: large, unfitting armour, claws 3, regeneration 1, shaggy fur 1, tough skin 1
a: Renounce Religion, Depart the Abyss, Bend Space, Banish, Corrupt


You were on level 11 of the Dungeon.
You worshipped Lugonu.
Lugonu was greatly pleased with you.
You visited 2 branches of the dungeon, and saw 12 of its levels.
You visited the Abyss 1 time.
You also visited: Bailey.

You collected 780 gold pieces.
You spent 38 gold pieces at shops.

Inventory:

Hand Weapons
 C - a +1 dagger of venom
Missiles
 a - 36 boomerangs
 d - 6 atropa-tipped darts
 e - 27 poisoned darts
 p - 7 javelins (quivered)
 F - 2 curare-tipped darts
 I - 17 large rocks
 Q - a throwing net
Armour
 h - a +0 kite shield (worn)
 q - a +0 tower shield
 v - quicksilver dragon scales (worn)
 D - a +2 robe of fire resistance
 E - +0 steam dragon scales
 L - a +0 cloak
 M - a scarf of resistance (worn)
 S - +0 fire dragon scales
Jewellery
 c - an amulet of reflection (around neck)
 f - a ring of fire
 o - a ring of flight (right claw)
 y - a ring of willpower (left claw)
 J - a ring of fire
Wands
 j - a wand of charming (17)
 A - a wand of acid (20)
 H - a wand of flame (13)
 N - a wand of mindburst (2)
 V - a wand of iceblast (9)
Scrolls
 b - 10 scrolls of identify {unknown}
 g - 3 scrolls of fog {unknown}
 m - 5 scrolls of teleportation {unknown}
 n - 4 scrolls of noise {unknown}
 u - 2 scrolls of magic mapping
 K - a scroll of brand weapon {unknown}
 R - a scroll of amnesia {unknown}
 T - a scroll of fear
Potions
 i - a potion of invisibility {unknown}
 k - a potion of cancellation {unknown}
 r - 4 potions of brilliance {unknown}
 s - 4 potions of might {unknown}
 t - 2 potions of resistance
 x - a potion of lignification {unknown}
 B - 3 potions of degeneration {unknown}
 G - a potion of heal wounds {unknown}
 O - 4 potions of curing {unknown}
 P - a potion of flight {unknown}
Miscellaneous
 l - a tin of tremorstones (2/2)
 w - a phantom mirror
 z - a condenser vane
 U - a lightning rod (4/4)
 W - a phial of floods


   Skills:
 + Level 11.4 Fighting
 + Level 4.4 Throwing
 - Level 1.9 Dodging
 * Level 5.9 Shields
 - Level 14.0 Unarmed Combat
 - Level 9.0 Invocations


You had 11 spell levels left.
You didn't know any spells.
Your spell library contained the following spells:

 Spells                   Type           Power      Damage    Failure   Level
 Apportation              Tloc           0%         N/A       71%         1
 Corpse Rot               Necr/Air       N/A        N/A       83%         2
 Passwall                 Tmut/Erth      0%         N/A       83%         2
 Poisonous Vapours        Pois/Air       0%         N/A       83%         2
 Sublimation of Blood     Necr           0%         N/A       83%         2
 Dazzling Flash           Conj/Hex       0%         N/A       97%         3
 Swiftness                Air            0%         N/A       97%         3
 Airstrike                Air            0%         N/A       100%        4
 Iskenderun's Mystic Bla  Conj/Tloc      0%         2d3       100%        4
 Passage of Golubria      Tloc           N/A        N/A       100%        4
 Petrify                  Tmut/Erth      0%         N/A       100%        4
 Summon Lightning Spire   Summ/Air       0%         N/A       100%        4
 Alistair's Intoxication  Tmut/Pois      0%         N/A       100%        5
 Freezing Cloud           Conj/Ice/Air   0%         6-21      100%        5
 Irradiate                Conj/Tmut      0%         3d14      100%        5
 Lightning Bolt           Conj/Air       0%         1d11      100%        5
 Metabolic Englaciation   Hex/Ice        0%         N/A       100%        5
 Silence                  Hex/Air        0%         N/A       100%        5
 Invisibility             Hex            0%         N/A       100%        6
 Starburst                Conj/Fire      0%         8x6d3     100%        6
 Statue Form              Tmut/Erth      0%         N/A       100%        6
 Lehudib's Crystal Spear  Conj/Erth      0%         10d2      100%        8


Dungeon Overview and Level Annotations

Branches:
Dungeon (11/15)            Temple (1/1) D:6            Lair (0/6) D:11
 Bailey (visited)
    Orc: D:9-12

Altars:
Ashenzari
Cheibriados
Dithmenos
Elyvilon
Fedhas
Gozag
Hepliaklqana
Kikubaaqudgha
Makhleb
Nemelex Xobeh
Okawaru
Qazlal
Ru
Sif Muna
Trog
Uskayaw
Vehumet
Wu Jian
Xom
Yredelemnul
Zin
The Shining One

Shops:
D:2 *   D:6 (   D:10 =

Annotations:
D:4 3 runed translucent doors, MirrMurr's ghost, amateur GnHu
D:7 1 runed translucent door
D:11 corrupted


Innate Abilities, Weirdness & Mutations

You are too large for most types of armour.
You have claws for hands.
Your natural rate of healing is unusually fast.
You are covered in fur. (AC +1)
You have tough skin. (AC +1)


Message History

You closely miss the phantasmal warrior.
The phantasmal warrior hits you!
The skeletal warrior completely misses you.
You closely miss the phantasmal warrior.
The phantasmal warrior hits you but does no damage.
You block the skeletal warrior's attack.
You scratch the phantasmal warrior.
The phantasmal warrior is lightly damaged.
You block the phantasmal warrior's attack.
The skeletal warrior closely misses you.
You closely miss the phantasmal warrior.
The phantasmal warrior is lightly damaged.
The phantasmal warrior hits you!
You mangle the phantasmal warrior!!
The phantasmal warrior is severely damaged.
The skeletal warrior hits you with a +0 long sword.
You scratch the phantasmal warrior but do no damage.
The phantasmal warrior is severely damaged.
You block the phantasmal warrior's attack.
You block the skeletal warrior's attack.
You claw the phantasmal warrior!
The phantasmal warrior is severely damaged.
You block the phantasmal warrior's attack.
The skeletal warrior hits you with a +0 long sword!!
You barely miss the phantasmal warrior.
The phantasmal warrior is severely damaged.
You block the phantasmal warrior's attack.
The skeletal warrior hits you with a +0 long sword!
You closely miss the phantasmal warrior.
The phantasmal warrior is severely damaged.
The phantasmal warrior hits you!
* * * LOW HITPOINT WARNING * * *
The skeletal warrior hits you with a +0 long sword.
* * * LOW HITPOINT WARNING * * *
You scratch the phantasmal warrior.
The phantasmal warrior is almost destroyed.
The phantasmal warrior hits you!!
* * * LOW HITPOINT WARNING * * *
The skeletal warrior hits you with a +0 long sword!!
You die...

### #.# #..# #.# #..#
#.# #..# #W# #.[# #@#
#..## #..# #z# #..##
#.W# #W# #..## #..# #.#
#.# #..## #.§###.###
#.# #..## #.z.........#
#.# #..## #.§§........#
#.# #..## #...#.......#
#.###..##
#...#.......###........


You could see a skeletal warrior, a phantasmal warrior and a wraith.

Vanquished Creatures
  A fire giant (D:11)
  A fire dragon (D:11)
  A yaktaur captain (D:11)
  2 boulder beetles
  Erica (D:10)
  A centaur warrior (D:11)
  2 two-headed ogres
  A tengu warrior (D:10)
  A skeletal warrior (D:9)
  A phantasmal warrior (D:11)
  A deep elf pyromancer (D:10)
  3 manticores
  3 ugly things (D:10)
  2 cyclopes
  3 centaur zombies
  2 gargoyles (D:11)
  3 unseen horrors
  2 trolls
  A meliai (D:11)
  Prince Ribbit (D:8)
  7 slime creatures
  A meliai zombie (D:10)
  A human (shapeshifter) (D:10)
  A basilisk (D:10)
  A wyvern (D:8)
  3 shadows
  3 wraiths
  A steam dragon (D:6)
  9 yaks
  A vampire mosquito (D:10)
  3 wargs (D:11)
  2 water moccasins (D:7)
  8 orc warriors
  Duvessa (D:6)
  A hornet zombie (D:6)
  A black bear (D:8)
  A sky beast (D:6)
  4 ogres
  11 centaurs
  2 phantoms (D:6)
  5 kobold brigands
  4 bullfrogs
  2 gnoll sergeants
  3 scorpions
  Dowan (D:6)
  2 water moccasin zombies
  A wyvern skeleton (D:7)
  A water moccasin skeleton (D:6)
  6 wights
  9 howler monkeys
  5 orc priests
  7 hounds
  A bullfrog skeleton (D:6)
  6 iguanas
  8 orc wizards
  Natasha (thrice) (D:3)
  A hound skeleton (D:4)
  A howler monkey zombie (D:10)
  9 gnolls
  4 adders
  An ufetubus (D:7)
  2 worms
  3 dart slugs (D:1)
  17 orcs
  8 endoplasms
  A giant cockroach (D:4)
  4 goblins (D:1)
  8 hobgoblins
  27 kobolds
  9 ball pythons
  8 bats
  5 frilled lizards
  7 rats
274 creatures vanquished.

Vanquished Creatures (others)
  A storm dragon (D:11)
  A centaur warrior (D:11)
  A death knight (D:11)
  A deep elf pyromancer (D:11)
  2 cyclopes (D:11)
  A centaur zombie (D:11)
  A komodo dragon (D:11)
  An efreet (D:11)
  An unseen horror (D:11)
  A kobold demonologist (D:11)
  A troll (D:11)
  2 wraiths (D:11)
  A yak (D:11)
  An orc warrior (D:11)
  A gnoll sergeant (D:11)
  An orc wizard (D:11)
  4 orcs (D:11)
  2 plants
  3 starspawn tentacles (D:11)
27 creatures vanquished.

Grand Total: 301 creatures vanquished

Notes
Turn   | Place    | Note
-------+----------+-------------------------------------------
     0 | Abyss:1  | PentaManta the Troll Abyssal Knight began the quest for the
                  | Orb.
     0 | Abyss:1  | Reached XP level 1. HP: 22/22 MP: 1/1
    33 | D:1      | Escaped the Abyss
   119 | D:1      | Reached XP level 2. HP: 28/29 MP: 2/2
   161 | D:1      | Found a faded altar of an unknown god.
   185 | D:1      | Reached skill level 3 in Unarmed Combat
   237 | D:1      | Reached ** piety under Lugonu
   319 | D:1      | Reached XP level 3. HP: 36/36 MP: 3/3
   678 | D:2      | Found Tirym's Assorted Antiques.
   687 | D:2      | Bought a murky blue potion for 18 gold pieces
   687 | D:2      | Bought a scroll labelled MYGGUVAAMI for 20 gold pieces
  1015 | D:2      | Reached skill level 4 in Unarmed Combat
  1178 | D:3      | Noticed Natasha
  1184 | D:3      | Killed Natasha
  1185 | D:3      | Reached XP level 4. HP: 44/44 MP: 4/4
  1325 | D:3      | Noticed Natasha
  1341 | D:3      | Killed Natasha
  1342 | D:3      | Reached skill level 5 in Unarmed Combat
  1421 | D:3      | Noticed Natasha
  1440 | D:3      | Killed Natasha
  1441 | D:3      | Reached XP level 5. HP: 50/50 MP: 5/5
  1632 | D:3      | Reached *** piety under Lugonu
  2161 | D:4      | Noticed an ogre
  2166 | D:4      | Killed an ogre
  2167 | D:4      | Reached XP level 6. HP: 62/62 MP: 6/6
  2182 | D:4      | Found a runed translucent gate.
  2182 | D:4      | Found a runed translucent gate.
  2182 | D:4      | Found a runed translucent gate.
  2184 | D:4      | Found an opulent altar of Gozag.
  2302 | D:4      | Reached skill level 6 in Unarmed Combat
  2365 | D:4      | Noticed MirrMurr's ghost (amateur GnHu)
  2568 | D:4      | Reached XP level 7. HP: 71/71 MP: 7/7
  2767 | D:5      | Entered Level 5 of the Dungeon
  2812 | D:5      | Reached skill level 5 in Fighting
  3317 | D:5      | Reached XP level 8. HP: 58/83 MP: 8/8
  3320 | D:5      | Reached skill level 7 in Unarmed Combat
  3493 | D:6      | Noticed Dowan
  3495 | D:6      | Noticed Duvessa
  3507 | D:6      | Killed Duvessa
  3514 | D:6      | Killed Dowan
  3640 | D:6      | Found Mitost's Antique Weapon Shoppe.
  3741 | D:6      | Reached **** piety under Lugonu
  3830 | D:6      | Found a snail-covered altar of Cheibriados.
  3936 | D:6      | Reached XP level 9. HP: 93/93 MP: 10/10
  4070 | D:6      | Found a staircase to the Ecumenical Temple.
  4074 | D:6      | Reached skill level 8 in Unarmed Combat
  4091 | Temple   | Entered the Ecumenical Temple
  4660 | D:7      | Found a flagged portal.
  4669 | Bailey   | Entered a bailey
  4803 | Bailey   | Reached skill level 5 in Invocations
  4916 | Bailey   | Found a burning altar of Makhleb.
  5357 | D:7      | Killed an unseen horror
  5655 | D:7      | Reached skill level 9 in Unarmed Combat
  5695 | D:7      | Noticed a troll
  5699 | D:7      | Found a runed translucent door.
  5709 | D:7      | Noticed a troll
  5728 | D:7      | Killed a troll
  5729 | D:7      | Reached XP level 10. HP: 84/104 MP: 12/14
  5748 | D:7      | Identified the +7 morningstar of Greatest Utility {flame,
                  | Dex+2 Stlth+}
  6154 | D:7      | Noticed an eight-headed hydra
  6159 | D:7      | Banished an eight-headed hydra
  6656 | D:8      | Noticed a brown ugly thing
  6671 | D:8      | Banished a brown ugly thing
  6700 | D:8      | Noticed a cyclops
  6750 | D:8      | Killed a cyclops
  6953 | D:8      | Noticed Prince Ribbit
  6972 | D:8      | Killed Prince Ribbit
  6973 | D:8      | Reached skill level 10 in Unarmed Combat
  7491 | D:9      | Reached XP level 11. HP: 105/113 MP: 16/16
  8156 | D:10     | Entered Level 10 of the Dungeon
  8156 | D:10     | Noticed a two-headed ogre
  8165 | D:9      | Killed a two-headed ogre
  8226 | D:10     | Reached skill level 11 in Unarmed Combat
  8543 | D:10     | Found Urae's Jewellery Boutique.
  8595 | D:10     | Identified the +6 spear "Fosuifoz" {freeze, *Noise Str+6
                  | Dex+5}
  8709 | D:10     | Noticed Erica
  8710 | D:10     | Noticed a boulder beetle
  8715 | D:10     | Killed Erica
  8730 | D:10     | Killed a boulder beetle
  8731 | D:10     | Reached skill level 12 in Unarmed Combat
  8954 | D:10     | Noticed a skeletal warrior
  9067 | D:9      | Killed a skeletal warrior
  9068 | D:9      | Reached skill level 10 in Fighting
  9126 | D:10     | Noticed a green ugly thing
  9134 | D:10     | Killed a green ugly thing
  9135 | D:10     | Reached skill level 13 in Unarmed Combat
  9438 | D:11     | Noticed a tengu warrior
  9451 | D:11     | Reached ***** piety under Lugonu
  9461 | D:10     | Killed a tengu warrior
  9515 | D:11     | Noticed a deep elf pyromancer
  9523 | D:10     | Reached XP level 12. HP: 125/128 MP: 17/17
  9528 | D:11     | Noticed a boulder beetle
  9558 | D:11     | Noticed a two-headed ogre
  9567 | D:10     | Reached skill level 14 in Unarmed Combat
  9575 | D:11     | Killed a two-headed ogre
  9576 | D:11     | Reached skill level 1 in Shields
  9582 | D:11     | Killed a boulder beetle
  9583 | D:11     | Reached skill level 1 in Throwing
  9587 | D:11     | Identified the +6 mace of the Median {flame, *Rage +Blink
                  | rPois Str+3}
  9587 | D:11     | Noticed a centaur warrior
  9639 | D:11     | Noticed a fire dragon
  9754 | D:11     | Killed a fire dragon
  9757 | D:11     | Noticed a deep troll earth mage
  9764 | D:11     | Banished a deep troll earth mage
  9836 | D:11     | Noticed a centaur warrior
  9851 | D:11     | Killed a centaur warrior
 10232 | D:11     | Noticed a death knight
 10241 | D:11     | Corrupted D:11
 10241 | D:11     | Noticed a balrug
 10241 | D:11     | Noticed a tentacled starspawn
 10241 | D:11     | Noticed a bone dragon
 10244 | D:11     | Killed a death knight
 10270 | D:11     | Noticed a tentacled starspawn
 10271 | D:11     | Noticed a bone dragon
 10297 | D:11     | Killed a centaur warrior
 10327 | D:11     | Noticed a starcursed mass
 10328 | D:11     | Noticed an eidolon
 10330 | D:11     | Killed a storm dragon
 10367 | D:11     | Noticed a fire giant
 10379 | D:11     | HP: 5/130 [fire giant/bolt of fire (8)]
 10381 | D:11     | Killed a fire giant
 10382 | D:11     | Reached skill level 5 in Shields
 10612 | D:11     | Identified the +0 helmet of the Constellations {Str+2}
 10613 | D:11     | Identified the +1 ring mail "Vut Buc" {Will+ Int+4 SInv}
 10815 | D:11     | Noticed a yaktaur captain
 10830 | D:11     | Killed a yaktaur captain
 10903 | D:11     | Found a staircase to the Lair.
 11206 | D:11     | Mangled by a skeletal warrior

Illustrated notes

Levels and vault maps discovered:
D:1:      co_arrival_two_rings, layout_basic,
          hellmonk_ecumenical_altar_crossroads
D:2:      layout_basic, serial_shops, shop
D:3:      layout_basic, minmay_bisected, uniq_natasha
D:4:      layout_gridville, ebering_ghost_gozag
D:5:      layout_loops_cross, grunt_ministairs_3
D:6:      layout_basic, slow_altar_1, minmay_temple_entry_poolview,
          serial_shops, kennysheep_mini, minmay_between, uniq_duvessa
D:7:      minmay_the_grid_triangle_9x9_rhombus_full
          [minmay_the_grid_triangle_9x9_intruding_spiral,
          minmay_the_grid_triangle_9x9_steps,
          minmay_the_grid_triangle_9x9_sprig,
          minmay_the_grid_triangle_9x9_flanged_cone,
          minmay_the_grid_triangle_9x9_stretched_checkered,
          minmay_the_grid_triangle_9x9_subtriangle,
          minmay_the_grid_triangle_9x9_corruption,
          minmay_the_grid_triangle_9x9_prize_insulated], layout_basic,
          enter_bailey_8
D:8:      layout_cave_pods, minmay_manual_moon, uniq_prince_ribbit1
D:9:      layout_long_grid
D:10:     layout_basic, serial_shops, shop, chequers_serial_rivers_micro_a,
          minmay_shattered_shrine, uniq_erica
D:11:     minmay_complete_graph, layout_long_grid, erik_lair_orcish_takeover,
          uniq_fannar
Temple:   regret_index_temple_sigil_plot

Skill      XL: |  1  2  3  4  5  6  7  8  9 10 11 12 |
---------------+-------------------------------------+-----
Unarmed Combat | 3 4 5 6 7 9 10 13 14 | 14.0
Fighting       | 3 4 5 7 8 10 11 | 11.4
Invocations    | 3 6 9 |  9.0
Shields        | 5 |  5.9
Throwing       | 4 |  4.4
Dodging        | |  1.9

Action                   |  1- 3 |  4- 6 |  7- 9 | 10-12 || total
-------------------------+-------+-------+-------+-------++-------
Melee: Unarmed           |    74 |   147 |   348 |   500 ||  1069
       Punch             |     2 |     3 |    11 |    22 ||    38
       Dagger            |       |       |       |    11 ||    11
Invok: Banish            |       |       |     1 |     4 ||     5
       Bend Space        |       |       |       |     2 ||     2
       Corrupt           |       |       |       |     1 ||     1
  Use: Scroll            |       |       |     6 |       ||     6
Armor: Robe              |    31 |    46 |       |       ||    77
       Quicksilver drago |       |     7 |   142 |   204 ||   353
Dodge: Dodged            |    28 |    64 |   140 |   155 ||   387
Block: Other             |     8 |    11 |    65 |    83 ||   167
       Reflection        |     1 |       |     9 |    10 ||    20
       Kite shield       |       |       |       |    79 ||    79

Table legend: (Time is in decaauts)
 A = Elapsed time spent in this place.
 B = Non-inter-level travel time spent in this place.
 C = Inter-level travel time spent in this place.
 D = Time resting spent in this place.
 E = Time spent auto-exploring this place.
 F = Levels seen in this place.
 G = Mean time per level.
                   A        B        C        D        E       F      G
               +--------+--------+--------+--------+--------+-----+--------+
         Total |  11061 |  10575 |    486 |    981 |   6732 |  14 |  790.1 |
       Dungeon |  10455 |  10002 |    453 |    922 |   6476 |  11 |  950.5 |
        Temple |    293 |    260 |     33 |      0 |    256 |   1 |  293.0 |
         Abyss |     33 |     33 |      0 |      0 |      0 |   1 |   33.0 |
        Bailey |    279 |    279 |      0 |     59 |      0 |   1 |  279.0 |
               +--------+--------+--------+--------+--------+-----+--------+

Top non-repeatable levels by time:
     D:7: 1560 daAuts
    D:10: 1481 daAuts
    D:11: 1342 daAuts
     D:8: 984 daAuts
     D:9: 952 daAuts
     D:3: 911 daAuts
     D:6: 826 daAuts
     D:4: 670 daAuts
     D:2: 634 daAuts
     D:5: 587 daAuts
     D:1: 503 daAuts
  Temple: 293 daAuts
  Bailey: 279 daAuts
 Abyss:1: 33 daAuts
